General information
- name: BNet
- type: Ladder team game (AT/RT)
- host: Battle.net
- saver: CRIT_AND_1
map: Highperch
- players: 6
- length: 49:53
- speed: Fast
- version: 1.23 W3XP
- replay type: Public
» download(268 KB)
Players
team 1 (winner)
CRIT_AND_1 (
pink | 41 APM | 2061 actions | 49:53)
5 Blademaster
3 Wind Walk
2 Critical Strike
» actions
| Assign group hotkey | 22 | |
| Basic commands | 26 | |
| Build / train | 74 | |
| Enter build submenu | 79 | |
| Enter hero's abilities submenu | 5 | |
| Give item / drop item | 6 | |
| Remove unit from queue | 1 | |
| Right click | 1068 | |
| Select / deselect | 493 | |
| Select group hotkey | 54 | |
| Use ability | 233 | |
2061 total
» units
» upgrades
| Ranged Weapons | 1 | |
| Armor | 1 | |
| Liquid Fire | 1 | |
| Reinforced Defenses | 1 | |
4 total
» buildings
| Altar of Storms | 1 | |
| Orc Burrow | 4 | |
| War Mill | 1 | |
| Watch Tower | 85 | |
| Voodoo Lounge | 4 | |
| Stronghold | 1 | |
| Fortress | 1 | |
| Beastiary | 2 | |
| Arcane Tower | 1 | |
100 total
» build order
00:04 Altar of Storms
00:21 Orc Burrow
00:37 War Mill
02:01 Watch Tower
02:07 Watch Tower
02:15 Voodoo Lounge
02:34 Watch Tower
02:50 Orc Burrow
03:00 Watch Tower
03:14 Watch Tower
04:08 Watch Tower
04:14 Voodoo Lounge
04:18 Voodoo Lounge
04:30 Watch Tower
04:31 Watch Tower
04:32 Watch Tower
04:34 Watch Tower
04:41 Watch Tower
05:27 Watch Tower
06:02 Watch Tower
06:03 Watch Tower
06:04 Watch Tower
06:06 Watch Tower
06:07 Watch Tower
06:18 Watch Tower
06:20 Watch Tower
07:27 Stronghold
08:04 Watch Tower
08:05 Watch Tower
08:05 Watch Tower
08:24 Watch Tower
08:30 Watch Tower
09:49 Fortress
09:52 Voodoo Lounge
10:10 Beastiary
10:12 Beastiary
10:18 Orc Burrow
10:20 Orc Burrow
11:43 Watch Tower
11:44 Watch Tower
11:45 Watch Tower
11:52 Watch Tower
11:52 Watch Tower
11:55 Watch Tower
11:57 Watch Tower
12:01 Watch Tower
12:22 Watch Tower
13:37 Watch Tower
13:38 Watch Tower
13:39 Watch Tower
15:01 Arcane Tower
15:06 Watch Tower
15:08 Watch Tower
15:09 Watch Tower
15:12 Watch Tower
16:40 Watch Tower
16:41 Watch Tower
16:42 Watch Tower
16:59 Watch Tower
17:27 Watch Tower
17:56 Watch Tower
18:57 Watch Tower
19:03 Watch Tower
20:23 Watch Tower
20:25 Watch Tower
20:26 Watch Tower
20:59 Watch Tower
21:00 Watch Tower
21:04 Watch Tower
21:06 Watch Tower
27:53 Watch Tower
27:56 Watch Tower
28:00 Watch Tower
28:06 Watch Tower
39:46 Watch Tower
39:48 Watch Tower
39:50 Watch Tower
40:09 Watch Tower
40:10 Watch Tower
40:24 Watch Tower
40:25 Watch Tower
40:28 Watch Tower
40:31 Watch Tower
40:33 Watch Tower
40:34 Watch Tower
40:37 Watch Tower
40:42 Watch Tower
40:46 Watch Tower
40:47 Watch Tower
41:42 Watch Tower
41:45 Watch Tower
41:45 Watch Tower
41:49 Watch Tower
41:50 Watch Tower
41:53 Watch Tower
42:39 Watch Tower
42:41 Watch Tower
42:42 Watch Tower
42:45 Watch Tower
42:55 Watch Tower
» items
| Lesser Clarity Potion | 6 | |
| Healing Salve | 2 | |
| Boots of Speed | 1 | |
| Staff of Teleportation | 1 | |
| Circlet of Nobility | 1 | |
| Potion of Healing | 1 | |
| Scroll of Speed | 1 | |
| Orb of Lightning | 1 | |
| Mechanical Critter | 5 | |
| Ivory Tower | 1 | |
| Scroll of Town Portal | 2 | |
| Tiny Great Hall | 1 | |
23 total
CRIT_AND_6 (
yellow | 56 APM | 2771 actions | 49:53)
6 Warden
3 Fan of Knives
3 Blink
» actions
| Assign group hotkey | 7 | |
| Basic commands | 181 | |
| Build / train | 100 | |
| ESC pressed | 5 | |
| Enter build submenu | 65 | |
| Enter hero's abilities submenu | 6 | |
| Give item / drop item | 2 | |
| Remove unit from queue | 2 | |
| Right click | 1533 | |
| Select / deselect | 442 | |
| Select group hotkey | 140 | |
| Use ability | 288 | |
2771 total
» units
| Wisp | 50 | |
| Druid of the Talon | 6 | |
| Hippogryph | 1 | |
57 total
» upgrades
| Strength of the Wild | 3 | |
| Druid of the Talon Training | 2 | |
| Reinforced Hides | 3 | |
| Well Spring | 1 | |
| Mark of the Talon | 1 | |
| Ultravision | 1 | |
11 total
» buildings
| Altar of Elders | 1 | |
| Moon Well | 42 | |
| Tree of Life | 2 | |
| Tree of Ages | 3 | |
| Hunter's Hall | 1 | |
| Ancient Protector | 6 | |
| Tree of Eternity | 4 | |
| Ancient of Wind | 3 | |
62 total
» build order
00:23 Altar of Elders
00:29 Moon Well
01:49 Moon Well
02:10 Moon Well
02:30 Moon Well
02:57 Moon Well
03:16 Moon Well
03:57 Moon Well
04:04 Moon Well
04:11 Moon Well
04:28 Moon Well
05:07 Moon Well
05:27 Moon Well
05:56 Tree of Life
06:35 Tree of Life
07:14 Moon Well
07:30 Moon Well
07:43 Moon Well
07:57 Moon Well
09:44 Moon Well
10:27 Tree of Ages
10:27 Tree of Ages
10:31 Hunter's Hall
11:35 Ancient Protector
11:37 Ancient Protector
11:40 Ancient Protector
13:05 Moon Well
13:06 Moon Well
13:10 Moon Well
13:11 Moon Well
13:11 Moon Well
13:15 Tree of Eternity
13:16 Tree of Eternity
13:39 Moon Well
13:40 Moon Well
13:43 Moon Well
13:47 Moon Well
13:57 Ancient of Wind
14:21 Moon Well
14:47 Moon Well
16:38 Moon Well
16:51 Moon Well
18:07 Moon Well
18:13 Ancient Protector
18:39 Moon Well
18:43 Moon Well
18:43 Moon Well
18:44 Moon Well
19:30 Moon Well
20:38 Moon Well
21:08 Moon Well
21:21 Moon Well
21:23 Moon Well
22:19 Ancient of Wind
22:22 Ancient of Wind
22:45 Ancient Protector
22:49 Ancient Protector
27:42 Moon Well
29:25 Moon Well
» items
| Scroll of Speed | 1 | |
| Boots of Speed | 1 | |
| Staff of Teleportation | 1 | |
| Circlet of Nobility | 1 | |
| Orb of Lightning | 1 | |
| Scroll of Town Portal | 1 | |
| Tome of Retraining | 1 | |
| Tiny Great Hall | 2 | |
9 total
TheNumber1-B (
green | 74 APM | 3676 actions | 49:53)
4 Archmage
2 Blizzard
2 Brilliance Aura
3 Blood Mage
2 Flame Strike
1 Siphon Mana
» actions
| Assign group hotkey | 79 | |
| Basic commands | 29 | |
| Build / train | 97 | |
| ESC pressed | 4 | |
| Enter build submenu | 89 | |
| Enter hero's abilities submenu | 7 | |
| Give item / drop item | 11 | |
| Right click | 1510 | |
| Select / deselect | 476 | |
| Select group hotkey | 1083 | |
| Use ability | 291 | |
3676 total
» units
| Peasant | 15 | |
| Dragonhawk Rider | 12 | |
27 total
» upgrades
| Masonry | 3 | |
| Magic Sentry | 1 | |
| Lumber Harvesting | 1 | |
| Cloud | 1 | |
| Swords | 3 | |
| Armor | 3 | |
12 total
» buildings
| Altar of Kings | 1 | |
| Farm | 14 | |
| Lumber Mill | 1 | |
| Scout Tower | 76 | |
| Guard Tower | 29 | |
| Arcane Tower | 8 | |
| Keep | 1 | |
| Arcane Vault | 3 | |
| Castle | 1 | |
| Arcane Sanctum | 1 | |
| Blacksmith | 1 | |
| Gryphon Aviary | 3 | |
139 total
» build order
00:07 Altar of Kings
00:15 Farm
00:20 Lumber Mill
01:36 Farm
01:45 Scout Tower
01:54 Scout Tower
02:15 Guard Tower
02:18 Scout Tower
02:21 Arcane Tower
02:28 Scout Tower
02:32 Scout Tower
02:34 Scout Tower
02:45 Guard Tower
02:48 Scout Tower
02:56 Scout Tower
02:59 Farm
03:04 Guard Tower
03:06 Scout Tower
03:07 Scout Tower
03:08 Scout Tower
03:27 Scout Tower
03:28 Guard Tower
03:43 Arcane Tower
03:52 Arcane Tower
03:55 Scout Tower
03:55 Scout Tower
03:56 Scout Tower
03:57 Scout Tower
03:59 Guard Tower
04:27 Scout Tower
04:29 Guard Tower
04:31 Scout Tower
04:38 Guard Tower
04:46 Scout Tower
04:55 Keep
05:09 Guard Tower
05:11 Scout Tower
05:20 Guard Tower
05:26 Scout Tower
05:27 Scout Tower
05:43 Guard Tower
05:54 Guard Tower
05:55 Arcane Tower
05:57 Scout Tower
05:58 Scout Tower
06:00 Scout Tower
06:01 Scout Tower
06:17 Scout Tower
06:20 Scout Tower
06:27 Farm
06:30 Arcane Vault
06:35 Arcane Vault
06:44 Guard Tower
06:48 Scout Tower
06:50 Scout Tower
06:55 Scout Tower
06:56 Scout Tower
06:59 Guard Tower
07:20 Guard Tower
07:22 Scout Tower
07:45 Scout Tower
07:47 Castle
07:55 Scout Tower
07:57 Scout Tower
08:08 Scout Tower
08:11 Arcane Tower
08:17 Guard Tower
08:24 Scout Tower
08:40 Guard Tower
08:42 Arcane Tower
08:44 Guard Tower
08:50 Guard Tower
09:26 Arcane Tower
09:31 Guard Tower
09:37 Arcane Vault
09:49 Guard Tower
10:35 Arcane Sanctum
10:45 Scout Tower
10:46 Scout Tower
10:48 Scout Tower
10:52 Scout Tower
11:03 Farm
11:08 Blacksmith
11:25 Farm
11:27 Farm
11:32 Gryphon Aviary
11:35 Gryphon Aviary
11:39 Farm
11:42 Farm
11:43 Farm
11:55 Guard Tower
12:44 Guard Tower
13:04 Scout Tower
13:05 Scout Tower
13:07 Scout Tower
13:59 Guard Tower
15:10 Gryphon Aviary
15:14 Guard Tower
23:44 Farm
23:47 Farm
23:47 Farm
25:06 Scout Tower
25:10 Scout Tower
25:16 Scout Tower
25:19 Scout Tower
25:22 Scout Tower
25:32 Scout Tower
25:39 Scout Tower
25:46 Guard Tower
26:33 Guard Tower
27:16 Scout Tower
39:42 Scout Tower
39:43 Scout Tower
39:43 Scout Tower
39:59 Scout Tower
39:59 Scout Tower
40:00 Scout Tower
40:00 Scout Tower
40:01 Scout Tower
40:02 Scout Tower
40:19 Scout Tower
40:21 Scout Tower
40:21 Scout Tower
40:22 Scout Tower
40:23 Scout Tower
40:26 Scout Tower
40:57 Guard Tower
41:18 Guard Tower
41:27 Scout Tower
41:30 Scout Tower
41:32 Scout Tower
41:34 Scout Tower
41:38 Scout Tower
41:43 Arcane Tower
41:45 Scout Tower
41:45 Scout Tower
42:17 Guard Tower
» items
| Healing Salve | 3 | |
| Staff of Sanctuary | 1 | |
| Boots of Speed | 1 | |
| Staff of Teleportation | 2 | |
| Scroll of Town Portal | 2 | |
9 total
team 2 (loser)

»
7n722 (
blue | 39 APM | 1928 actions | 49:43)
4 Dreadlord
2 Sleep
2 Vampiric Aura
3 Firelord
2 Soul Burn
1 Incinerate
» actions
| Assign group hotkey | 21 | |
| Basic commands | 107 | |
| Build / train | 71 | |
| Enter build submenu | 23 | |
| Enter hero's abilities submenu | 9 | |
| Give item / drop item | 2 | |
| Right click | 765 | |
| Select / deselect | 719 | |
| Select group hotkey | 96 | |
| Use ability | 114 | |
1928 total
» units
| Acolyte | 12 | |
| Ghoul | 11 | |
| Frost Wyrm | 10 | |
| Crypt Fiend | 6 | |
39 total
» upgrades
| Creature Attack | 3 | |
| Creature Carapace | 3 | |
| Freezing Breath | 1 | |
| Web | 1 | |
8 total
» buildings
| Crypt | 1 | |
| Ziggurat | 15 | |
| Altar of Darkness | 1 | |
| Tomb of Relics | 1 | |
| Graveyard | 1 | |
| Halls of the Dead | 1 | |
| Nerubian Tower | 2 | |
| Black Citadel | 1 | |
| Sacrificial Pit | 1 | |
| Spirit Tower | 7 | |
| Boneyard | 2 | |
33 total
» build order
00:19 Crypt
00:21 Ziggurat
00:39 Altar of Darkness
01:30 Ziggurat
01:37 Tomb of Relics
02:03 Ziggurat
02:42 Graveyard
03:06 Ziggurat
04:16 Halls of the Dead
04:51 Nerubian Tower
04:56 Ziggurat
06:43 Black Citadel
06:48 Sacrificial Pit
07:59 Ziggurat
08:00 Ziggurat
08:01 Ziggurat
08:06 Spirit Tower
08:08 Spirit Tower
08:09 Ziggurat
08:19 Ziggurat
08:20 Ziggurat
09:10 Spirit Tower
09:15 Spirit Tower
09:17 Nerubian Tower
10:03 Spirit Tower
10:06 Spirit Tower
10:58 Boneyard
11:09 Boneyard
12:01 Ziggurat
12:02 Ziggurat
12:03 Ziggurat
12:04 Ziggurat
17:06 Spirit Tower
» items
| Rod of Necromancy | 1 | |
| Dust of Appearance | 1 | |
| Sacrificial Skull | 1 | |
| Orb of Venom | 1 | |
4 total

»
NoSeeds.NoStems (
red | 30 APM | 1503 actions | 49:52)
7 Warden
2 Shadow Strike
3 Blink
1 Spirit of Vengeance
1 Fan of Knives
» actions
| Basic commands | 53 | |
| Build / train | 86 | |
| Enter build submenu | 30 | |
| Enter hero's abilities submenu | 7 | |
| Give item / drop item | 1 | |
| Remove unit from queue | 1 | |
| Right click | 758 | |
| Select / deselect | 440 | |
| Use ability | 127 | |
1503 total
» units
| Wisp | 34 | |
| Huntress | 5 | |
| Glaive Thrower | 3 | |
| Chimaera | 13 | |
| Druid of the Talon | 9 | |
64 total
» upgrades
| Strength of the Wild | 2 | |
| Reinforced Hides | 2 | |
| Druid of the Talon Training | 2 | |
| Mark of the Talon | 1 | |
| Corrosive Breath | 1 | |
8 total
» buildings
| Moon Well | 8 | |
| Altar of Elders | 1 | |
| Ancient of War | 2 | |
| Hunter's Hall | 1 | |
| Tree of Ages | 1 | |
| Tree of Life | 2 | |
| Ancient Protector | 4 | |
| Ancient of Wonders | 1 | |
| Tree of Eternity | 1 | |
| Ancient of Wind | 1 | |
| Chimaera Roost | 4 | |
26 total
» build order
00:18 Moon Well
01:09 Altar of Elders
01:16 Moon Well
01:26 Ancient of War
01:48 Hunter's Hall
02:26 Ancient of War
03:00 Moon Well
07:26 Moon Well
07:27 Moon Well
07:30 Moon Well
07:56 Tree of Ages
08:13 Tree of Life
08:16 Ancient Protector
08:18 Ancient Protector
08:19 Ancient Protector
08:45 Tree of Life
09:58 Ancient of Wonders
10:05 Ancient Protector
11:31 Tree of Eternity
11:34 Ancient of Wind
14:46 Chimaera Roost
16:09 Chimaera Roost
16:10 Chimaera Roost
16:54 Chimaera Roost
17:38 Moon Well
17:39 Moon Well
» items

»
Virus548 (
teal | 56 APM | 2431 actions | 43:37)
3 Paladin
2 Holy Light
1 Devotion Aura
3 Mountain King
2 Storm Bolt
1 Bash
» actions
| Assign group hotkey | 10 | |
| Basic commands | 8 | |
| Build / train | 96 | |
| Enter build submenu | 34 | |
| Enter hero's abilities submenu | 6 | |
| Remove unit from queue | 2 | |
| Right click | 1244 | |
| Select / deselect | 892 | |
| Select group hotkey | 50 | |
| Use ability | 89 | |
2431 total
» units
| Peasant | 9 | |
| Rifleman | 6 | |
| Dragonhawk Rider | 7 | |
| Flying Machine | 32 | |
| Siege Engine | 2 | |
| Mortar Team | 4 | |
60 total
» upgrades
| Gunpowder | 3 | |
| Masonry | 1 | |
| Plating | 2 | |
| Lumber Harvesting | 1 | |
| Magic Sentry | 1 | |
| Armor | 3 | |
| Cloud | 1 | |
| Swords | 2 | |
| Barrage | 1 | |
| Flak Cannons | 1 | |
| Flying Machine Bombs | 1 | |
| Flare | 1 | |
18 total
» buildings
| Altar of Kings | 2 | |
| Barracks | 1 | |
| Scout Tower | 6 | |
| Farm | 11 | |
| Arcane Tower | 5 | |
| Blacksmith | 1 | |
| Arcane Vault | 1 | |
| Lumber Mill | 1 | |
| Keep | 1 | |
| Castle | 1 | |
| Workshop | 2 | |
| Arcane Sanctum | 1 | |
| Gryphon Aviary | 2 | |
35 total
» build order
00:20 Altar of Kings
00:23 Altar of Kings
00:42 Barracks
00:55 Scout Tower
01:23 Farm
01:41 Arcane Tower
02:01 Farm
02:15 Blacksmith
02:39 Farm
02:52 Arcane Vault
03:28 Farm
04:32 Farm
05:00 Lumber Mill
05:32 Keep
07:23 Farm
07:56 Castle
08:03 Workshop
08:11 Workshop
08:23 Scout Tower
09:10 Arcane Sanctum
09:25 Arcane Tower
09:30 Scout Tower
10:38 Scout Tower
10:47 Arcane Tower
10:51 Scout Tower
11:15 Gryphon Aviary
11:54 Scout Tower
12:01 Gryphon Aviary
13:03 Farm
13:04 Farm
13:28 Arcane Tower
14:22 Arcane Tower
14:49 Farm
16:11 Farm
16:49 Farm
» items
Chat log
(00:03 / Allies) TheNumber1-B: word
(00:08 / Allies) CRIT_AND_1: these guys legit 40%
(00:09 / Allies) CRIT_AND_1: :)
(00:12 / Allies) CRIT_AND_6: yes
(00:15 / Allies) CRIT_AND_6: we matched em in 2s
(00:19 / Allies) CRIT_AND_6: while abusing like 10 min ago keke
(00:27 / Allies) TheNumber1-B: i like reds name
(00:31 / Allies) CRIT_AND_6: yipyap
(00:43 / Allies) CRIT_AND_1: stems get all the chemicals
(00:44 / Allies) CRIT_AND_1: tt
(00:51 / Allies) CRIT_AND_6: stems are fine
(00:54 / Allies) CRIT_AND_6: to smoke
(00:55 / Allies) CRIT_AND_6: seeds no
(00:59 / Allies) TheNumber1-B: lol
(01:00 / Allies) CRIT_AND_6: seeds = headache no matter WHAT
(01:05 / All) CRIT_AND_1: welcome to highperch
(01:59 / Allies) TheNumber1-B: keep all ur guys on auto rep
(02:22 / Allies) TheNumber1-B: wood smerb
(03:23 / Allies) TheNumber1-B: my b
(03:26 / All) CRIT_AND_6: ash fala no
(03:49 / Allies) TheNumber1-B: any wood?
(03:58 / Allies) CRIT_AND_6: goos
(04:41 / Allies) CRIT_AND_6: gr
(05:34 / Allies) CRIT_AND_6: omw
(07:10 / Allies) TheNumber1-B: listened to a little nirvana btw
(07:15 / Allies) CRIT_AND_1: :3
(07:24 / Allies) TheNumber1-B: they are pretty bad
(07:26 / Allies) TheNumber1-B: a few good songs
(07:27 / Allies) CRIT_AND_6: .
(07:30 / Allies) TheNumber1-B: lithium
(07:34 / Allies) TheNumber1-B: hear shaped box
(08:36 / Allies) TheNumber1-B: if they are too bad to break this wall, then we will let them later
(08:36 / Allies) TheNumber1-B: lol
(08:58 / Allies) TheNumber1-B: sources smerb?
(09:11 / Allies) CRIT_AND_6: need shock orb
(09:14 / Allies) CRIT_AND_6: asap
(09:15 / Allies) CRIT_AND_6: get 2 shops
(09:17 / Allies) CRIT_AND_6: plz :D
(09:59 / Allies) TheNumber1-B: oh um
(10:01 / Allies) TheNumber1-B: get some bats
(10:04 / Allies) TheNumber1-B: but dont pass 50
(10:07 / Allies) TheNumber1-B: so they cant backdoor us
(12:31 / Allies) CRIT_AND_1: keith
(12:34 / Allies) CRIT_AND_1: dont dit on it
(12:34 / Allies) CRIT_AND_6: yeaH?
(12:38 / Allies) CRIT_AND_1: pool a bit
(12:45 / Allies) CRIT_AND_6: sure
(12:48 / Allies) CRIT_AND_6: what do you need
(12:51 / Allies) CRIT_AND_6: im hoarding atm
(12:55 / Allies) CRIT_AND_1: bats orb and defense
(13:14 / Allies) TheNumber1-B: u dont need that many
(13:16 / Allies) TheNumber1-B: that are waiting
(13:19 / Allies) TheNumber1-B: to be built
(13:32 / Allies) CRIT_AND_6: thats michael
(13:51 / Allies) CRIT_AND_1: also some dotts
(13:53 / Allies) CRIT_AND_1: needed
(13:54 / Allies) CRIT_AND_1: :p
(14:02 / Allies) CRIT_AND_6: OK
(14:25 / Allies) CRIT_AND_1: there will a pig there
(14:29 / Allies) CRIT_AND_1: and there
(14:36 / Allies) CRIT_AND_6: excuse me
(14:36 / Allies) CRIT_AND_1: for tp stick later
(14:43 / Allies) CRIT_AND_6: yes excellent
(15:29 / Allies) CRIT_AND_6: dl
(15:30 / Allies) CRIT_AND_6: fl
(15:31 / Allies) CRIT_AND_6: wyrms
(15:48 / Allies) CRIT_AND_1: grrr
(15:49 / Allies) CRIT_AND_1: shades
(16:59 / Allies) TheNumber1-B: whos on ur account smerb lol
(17:08 / Allies) CRIT_AND_6: michael
(17:28 / Allies) CRIT_AND_6: dave jamel
(17:29 / Allies) CRIT_AND_6: and mike
(17:31 / Allies) CRIT_AND_6: gonna win easily
(17:37 / Allies) TheNumber1-B: vs?
(17:43 / Allies) CRIT_AND_6: i mean the tourney in general
(17:54 / Allies) CRIT_AND_6: atm they facing gametime fierce and gatorade.
(18:27 / Allies) CRIT_AND_6: i need to level up
(18:28 / Allies) CRIT_AND_6: badly
(18:29 / Allies) CRIT_AND_6: hehe
(18:31 / Allies) CRIT_AND_6: i need thme to hit
(18:47 / Allies) CRIT_AND_6: ya
(18:48 / Allies) TheNumber1-B: u wangt to begin eating trees and shit up there?
(18:55 / Allies) CRIT_AND_6: dont need to yet
(18:56 / Allies) CRIT_AND_6: but we can
(18:59 / Allies) TheNumber1-B: k
(19:01 / Allies) TheNumber1-B: we can wait
(19:20 / Allies) CRIT_AND_6: rofl
(19:21 / Allies) CRIT_AND_6: sigh tt
(19:24 / Allies) TheNumber1-B: lmao
(19:27 / Allies) CRIT_AND_6: thats
(19:28 / Allies) CRIT_AND_6: extremely
(19:29 / Allies) CRIT_AND_6: bad
(19:32 / Allies) CRIT_AND_6: beyond bad
(20:04 / Allies) CRIT_AND_6: hehe
(20:05 / Allies) CRIT_AND_6: :D
(20:07 / Allies) CRIT_AND_6: thought you had
(20:11 / Allies) CRIT_AND_6: jsut bats nice job EVERYONE
(20:13 / Allies) CRIT_AND_6: GREAT JOBN
(20:22 / All) CRIT_AND_6: blue... from?
(20:30 / Allies) TheNumber1-B: level
(20:34 / Allies) TheNumber1-B: level ur heroes
(21:06 / Allies) TheNumber1-B: lol
(21:13 / Allies) TheNumber1-B: they will think twice about that now
(21:16 / Allies) CRIT_AND_6: :)
(21:28 / Allies) CRIT_AND_1: keiths hoarded over 10k
(21:30 / Allies) CRIT_AND_1: good
(21:33 / Allies) CRIT_AND_6: lol
(21:39 / Allies) TheNumber1-B: i just hope they dont quit
(21:40 / Allies) TheNumber1-B: lol
(21:44 / Allies) TheNumber1-B: smerb
(21:47 / Allies) CRIT_AND_6: yeash?
(21:50 / Allies) CRIT_AND_6: k
(21:58 / Allies) TheNumber1-B: i will explore this for u
(22:01 / Allies) TheNumber1-B: get a few talons
(22:02 / Allies) CRIT_AND_6: why thanks
(22:03 / Allies) TheNumber1-B: upgraded
(22:06 / Allies) CRIT_AND_6: yeah they are
(22:08 / Allies) CRIT_AND_6: just lost
(22:10 / Allies) CRIT_AND_6: uhh
(22:10 / Allies) TheNumber1-B: o
(22:13 / Allies) CRIT_AND_6: the uhh
(22:14 / Allies) CRIT_AND_6: whats it called
(22:22 / Allies) TheNumber1-B: aowind?
(22:23 / Allies) CRIT_AND_6: wind yea.
(22:25 / Allies) CRIT_AND_6: keek
(22:40 / Allies) CRIT_AND_1: pigs will be there
(23:11 / Allies) TheNumber1-B: hey
(23:14 / Allies) TheNumber1-B: u can use my mana towers
(23:15 / Allies) TheNumber1-B: to reveal
(23:16 / Allies) CRIT_AND_6: yes?
(23:18 / Allies) CRIT_AND_6: indeed
(23:21 / Allies) TheNumber1-B: hotkey them
(23:23 / Allies) TheNumber1-B: if u must
(23:46 / Allies) CRIT_AND_6: tt
(23:47 / Allies) CRIT_AND_6: chim
(23:56 / Allies) CRIT_AND_6: why the fuck
(23:57 / Allies) TheNumber1-B: yea they left a frost there
(23:57 / Allies) CRIT_AND_6: did he see it
(24:01 / Allies) CRIT_AND_6: grr
(24:04 / Allies) CRIT_AND_6: not too dumb then
(24:12 / Allies) TheNumber1-B: we can do it quick
(24:15 / Allies) CRIT_AND_1: maybe just healing
(24:15 / Allies) CRIT_AND_6: gonna start eating
(24:17 / Allies) CRIT_AND_6: right now
(24:48 / Allies) CRIT_AND_1: where did all my bats go
(24:48 / Allies) CRIT_AND_6: sec
(25:18 / Allies) CRIT_AND_1: cant tp when its moving keith
(25:18 / Allies) CRIT_AND_6: he wont eat
(25:23 / Allies) CRIT_AND_6: he wont eat
(25:24 / Allies) CRIT_AND_6: for some reason
(25:26 / Allies) TheNumber1-B: eat the ones u can
(25:31 / Allies) CRIT_AND_6: yes
(25:32 / Allies) CRIT_AND_6: you can tp
(25:34 / Allies) CRIT_AND_6: to a moving hall
(25:35 / Allies) CRIT_AND_6: btw;p
(25:49 / Allies) CRIT_AND_1: gold keith
(25:50 / Allies) CRIT_AND_1: a lot
(26:03 / Allies) TheNumber1-B: bats
(26:29 / Allies) CRIT_AND_6: sigh lol
(27:04 / Allies) CRIT_AND_6: quick
(27:33 / Allies) CRIT_AND_6: nicely done
(27:35 / Allies) TheNumber1-B: fuckin chims
(27:47 / Allies) TheNumber1-B: tower it up jill
(27:52 / Allies) TheNumber1-B: gold smerb
(28:32 / Allies) CRIT_AND_1: gold keith
(28:36 / Allies) TheNumber1-B: these niggers are suicidal
(29:00 / Allies) CRIT_AND_6: grumble
(29:06 / Allies) CRIT_AND_6: gonna
(29:10 / Allies) CRIT_AND_6: staff it back
(29:16 / Allies) CRIT_AND_6: tavern.
(29:31 / Allies) TheNumber1-B: lets get the left side lmao
(29:36 / Allies) CRIT_AND_6: yap
(29:52 / Allies) CRIT_AND_6: gyro
(29:53 / Allies) CRIT_AND_6: they arent dumb
(29:59 / Allies) CRIT_AND_1: their gunna mine themselves dry and stay in upkeep
(29:59 / Allies) TheNumber1-B: well
(30:00 / Allies) TheNumber1-B: lets
(30:01 / Allies) CRIT_AND_1: we win anyways\
(30:05 / Allies) CRIT_AND_6: yep
(30:06 / Allies) TheNumber1-B: lets mass air and take the right side ?
(30:13 / Allies) CRIT_AND_6: im on left side
(30:13 / Allies) CRIT_AND_6: atm
(30:18 / Allies) TheNumber1-B: k then left
(30:19 / Allies) CRIT_AND_1: yes take the right anyway
(30:22 / Allies) CRIT_AND_1: o
(30:23 / Allies) CRIT_AND_1: ic
(30:24 / Allies) CRIT_AND_1: w/e
(30:31 / Allies) CRIT_AND_6: grr
(30:53 / Allies) CRIT_AND_6: theyt are going
(30:56 / Allies) CRIT_AND_6: o watch both sides
(30:56 / Allies) TheNumber1-B: gold me
(31:01 / Allies) CRIT_AND_6: so looks like no perch expos
(31:02 / Allies) CRIT_AND_6: for now
(31:19 / Allies) TheNumber1-B: k only gold me when i say so
(31:21 / Allies) CRIT_AND_6: i hate tress.
(31:24 / Allies) CRIT_AND_6: you guy can go
(31:31 / Allies) CRIT_AND_1: keep golding me keith
(31:32 / Allies) CRIT_AND_1: >.<
(31:36 / Allies) CRIT_AND_6: sure
(31:40 / Allies) CRIT_AND_6: im just sitting on this gold
(31:43 / Allies) CRIT_AND_6: whatever you need
(31:47 / Allies) CRIT_AND_1: also get a bunch of dotts fully upped when you can for chims
(31:50 / Allies) CRIT_AND_6: 5k left
(31:54 / Allies) CRIT_AND_6: cant blow this
(31:55 / Allies) CRIT_AND_6: tbh
(31:57 / Allies) CRIT_AND_1: k
(31:59 / Allies) TheNumber1-B: if we mass bats hawks and dotts
(32:02 / Allies) TheNumber1-B: they cant stop it lol
(32:05 / Allies) CRIT_AND_6: yeah but
(32:06 / Allies) CRIT_AND_6: that slike
(32:09 / Allies) CRIT_AND_1: they sieging
(32:11 / Allies) CRIT_AND_6: sigh
(32:12 / Allies) CRIT_AND_6: ok
(32:18 / Allies) CRIT_AND_6: im going to go 50 supply dotts
(32:27 / Allies) CRIT_AND_6: they already are fully upped
(32:29 / Allies) TheNumber1-B: we good to go
(32:32 / Allies) TheNumber1-B: im goin 80
(32:32 / Allies) CRIT_AND_6: yes
(32:33 / Allies) TheNumber1-B: hawk
(33:34 / Allies) TheNumber1-B: lol
(33:38 / Allies) CRIT_AND_6: yeah
(33:41 / Allies) TheNumber1-B: they put a pig there
(33:43 / Allies) CRIT_AND_6: oh rofl
(33:47 / Allies) CRIT_AND_6: keek
(33:56 / Allies) CRIT_AND_1: their expos done
(34:12 / Allies) TheNumber1-B: we are low on gold lmao
(34:18 / Allies) CRIT_AND_6: yes
(34:21 / Allies) CRIT_AND_1: not as low as them
(34:26 / Allies) CRIT_AND_6: indeed.
(34:28 / Allies) CRIT_AND_1: theyve spent everything
(34:29 / Allies) CRIT_AND_6: but like
(34:34 / Allies) CRIT_AND_6: this isnt supposed to be
(34:37 / Allies) CRIT_AND_6: sigh
(34:41 / Allies) CRIT_AND_6: i wanna get a ledge
(34:44 / Allies) CRIT_AND_6: i know but
(34:48 / Allies) CRIT_AND_6: this is a lot less fun
(34:50 / Allies) CRIT_AND_6: just sitting over wells
(34:51 / Allies) CRIT_AND_6: w
(34:51 / Allies) TheNumber1-B: yeah
(34:54 / Allies) CRIT_AND_6: waiting for them to hit tt
(34:54 / Allies) TheNumber1-B: lets take one
(35:02 / Allies) CRIT_AND_6: fight.
(35:03 / Allies) CRIT_AND_6: now
(35:18 / Allies) TheNumber1-B: kill their armies then take it lol
(35:22 / Allies) CRIT_AND_6: k
(35:28 / Allies) CRIT_AND_6: go?
(36:03 / Allies) CRIT_AND_1: fuckign wow
(36:06 / Allies) CRIT_AND_1: grr delay
(36:08 / Allies) CRIT_AND_6: ;o
(36:16 / Allies) TheNumber1-B: if u guys
(36:20 / Allies) TheNumber1-B: can take ledge now
(36:21 / Allies) TheNumber1-B: i can hold
(36:32 / Allies) CRIT_AND_6: they completely
(36:35 / Allies) CRIT_AND_6: have both lcoked down
(36:56 / Allies) TheNumber1-B: lol
(37:03 / Allies) CRIT_AND_6: ;o
(37:51 / Allies) CRIT_AND_1: theres nothing on right perch atm
(37:59 / Allies) TheNumber1-B: take it and use my hawks
(38:01 / Allies) TheNumber1-B: my heroes
(38:03 / Allies) TheNumber1-B: can hold this
(38:17 / Allies) CRIT_AND_6: going to set up tiny hall
(38:18 / Allies) CRIT_AND_1: go build hall keith
(38:19 / Allies) CRIT_AND_6: atm
(39:02 / Allies) TheNumber1-B: red
(39:10 / Allies) CRIT_AND_6: HALL UP
(39:24 / Allies) CRIT_AND_6: towahs
(39:25 / Allies) CRIT_AND_6: but
(39:27 / Allies) CRIT_AND_6: uhh we dont have gold
(39:29 / Allies) CRIT_AND_6: to towah really
(39:48 / Allies) TheNumber1-B: kill the pig
(39:55 / Allies) CRIT_AND_6: where is it
(39:56 / Allies) CRIT_AND_1: i did
(39:56 / Allies) CRIT_AND_6: cant find it
(40:00 / Allies) CRIT_AND_1: already
(40:02 / Allies) CRIT_AND_6: ;3
(40:03 / Allies) CRIT_AND_1: with bat 5 mins ago
(40:08 / Allies) CRIT_AND_6: ;33
(40:53 / Allies) CRIT_AND_1: wood keith
(41:21 / All) CRIT_AND_6: lol... from?
(41:53 / Allies) TheNumber1-B: legt the warden stay at my base ... oololol
(41:59 / Allies) CRIT_AND_6: :)
(42:04 / Allies) CRIT_AND_1: gents
(42:08 / Allies) CRIT_AND_1: we are perched.
(42:09 / Allies) TheNumber1-B: killing farms with 3 masonry lol
(42:12 / Allies) CRIT_AND_6: yay
(42:37 / Allies) CRIT_AND_6: gotta save gold
(42:39 / Allies) CRIT_AND_6: to revive heros
(42:41 / Allies) CRIT_AND_6: at a point.
(42:46 / Allies) TheNumber1-B: out of money lol but just wait til im 50 food
(42:51 / Allies) CRIT_AND_6: i have
(42:53 / Allies) CRIT_AND_6: 2.8k
(43:00 / Allies) CRIT_AND_6: enough for 2 hero revives each.
(43:07 / Allies) CRIT_AND_6: based on level atm
(43:10 / Allies) CRIT_AND_6: it will get worse later
(43:24 / Allies) CRIT_AND_6: ahaha
(43:24 / Allies) CRIT_AND_6: shit
(43:30 / Allies) CRIT_AND_1: lol she cant get another
(43:37 / Allies) CRIT_AND_6: ;3
(43:40 / All) CRIT_AND_1: LOL
(43:40 / Allies) CRIT_AND_6: LOL
(43:45 / All) CRIT_AND_6: hi... from?
(43:48 / All) NoSeeds.NoStems: Lol is that you have to play like that to win
(43:48 / Allies) TheNumber1-B: lol
(43:50 / All) CRIT_AND_1: man I'm so pro
(43:52 / All) NoSeeds.NoStems: lol
(43:53 / Allies) CRIT_AND_6: worse part about perch games
(43:56 / Allies) CRIT_AND_6: is when they leave
(43:58 / Allies) CRIT_AND_6: eep
(44:04 / All) CRIT_AND_1: lol why can't you win?
(44:05 / Allies) TheNumber1-B: 'yipyap'
(44:06 / All) CRIT_AND_1: you bad?
(44:10 / All) CRIT_AND_1: towers dont move idiot
(44:11 / Allies) CRIT_AND_6: YAIPYAP!@#!
(44:13 / All) TheNumber1-B: you bad?
(44:17 / All) CRIT_AND_6: UBAD?
(44:19 / All) CRIT_AND_6: 1-10
(44:19 / All) TheNumber1-B: yipyap i thikn u bad
(45:03 / Allies) TheNumber1-B: lol wardens so fun
(45:12 / Allies) CRIT_AND_6: grr
(45:19 / Allies) CRIT_AND_6: sleep canceling out blink
(45:22 / Allies) CRIT_AND_6: is a nuisance
(45:35 / Allies) CRIT_AND_6: INVULN
(45:38 / Allies) CRIT_AND_6: OMG
(46:04 / Allies) CRIT_AND_6: HOW YOU LOVE THAT
(46:10 / Allies) CRIT_AND_6: such a thick cloud
(46:28 / Allies) CRIT_AND_1: trippy
(46:34 / Allies) CRIT_AND_6: yeah
(46:37 / Allies) TheNumber1-B: lol
(46:37 / Allies) CRIT_AND_6: i wanna put
(46:40 / Allies) CRIT_AND_6: my hero in it
(46:40 / Allies) TheNumber1-B: it looks awesome
(46:45 / Allies) CRIT_AND_1: virus548 says we have no skill thats why he left
(46:55 / Allies) CRIT_AND_6: god damn
(46:56 / Allies) CRIT_AND_6: zoomed in
(46:56 / Allies) CRIT_AND_1: i asked him why didnt he win if we had no skill
(46:57 / Allies) CRIT_AND_6: on that shit
(46:58 / All) NoSeeds.NoStems: D
(47:09 / All) CRIT_AND_1: lol you scared?
(47:54 / Allies) CRIT_AND_6: i remember
(48:00 / Allies) CRIT_AND_6: back in 1.15 when you could explode bats
(48:01 / Allies) CRIT_AND_6: on nothing
(48:09 / Allies) CRIT_AND_6: was useful sometimes
(48:14 / Allies) CRIT_AND_1: why would you do tthat
(48:15 / Allies) CRIT_AND_1: tt
(48:29 / Allies) CRIT_AND_6: to deny experience and stuff
(49:33 / All) CRIT_AND_1: hey guys
(49:35 / All) CRIT_AND_1: come win
(49:39 / All) CRIT_AND_1: use your skillz
(49:43 / All) CRIT_AND_1: and win
(49:44 / All) CRIT_AND_1: cmon
(49:49 / Allies) TheNumber1-B: lol
(49:49 / All) CRIT_AND_1: no you're doing it wrong
(49:51 / All) NoSeeds.NoStems: GG no skill rofl!